 Dungeon Crawl Stone Soup version 0.21-a0-509-gecc5317 (webtiles) character file.

31 Gerstahl the Skirmisher (level 3, 0/54 HPs)
             Began as a Naga Monk on Nov 30, 2017.
             Slain by a worker ant (3 damage)
             ... on level 2 of the Dungeon.
             The game lasted 00:01:41 (1150 turns).

Gerstahl the Skirmisher (Naga Monk)                 Turns: 1150, Time: 00:01:42

Health: 0/54       AC: 21    Str: 13    XL:     3   Next: 22%
Magic:  3/3        EV:  1    Int: 10    God:
Gold:   50         SH:  2    Dex: 14    Spells: 2/2 levels left

rFire    . . .     SeeInvis +   a - +0 falchion
rCold    . . .     Gourm    .   (no shield)
rNeg     + + +     Faith    .   (armour currently unavailable)
rPois    +         Spirit   .   (helmet currently unavailable)
rElec    .         Reflect  +   (cloak currently unavailable)
rCorr    .         Harm     .   (gloves currently unavailable)
MR       .....     NoTele   +   (no barding)
Stlth    ++........             d - +2 amulet of reflection
HPRegen  0.18/turn              g - -2 ring of evasion (curse)
MPRegen  0.08/turn              (no ring)

@: lethally poisoned (0 -> -3), tree-form
A: large, see invisible, slow metabolism 1, spit poison 1, AC +1
a: Spit Poison


You were on level 2 of the Dungeon.
You were hungry.
You were a tree.
You visited 1 branch of the dungeon, and saw 2 of its levels.

You collected 50 gold pieces.

Inventory:

Hand Weapons
 a - a +0 falchion (weapon)
Armour
 b - a +0 robe (melded)
Jewellery
 d - a +2 amulet of reflection (around neck)
 g - a cursed -2 ring of evasion (left branch)
Scrolls
 e - a scroll of fog {unknown}
 f - a scroll of fear {unknown}
 h - a scroll of noise {unknown}
 i - a scroll of identify {unknown}
Comestibles
 c - 3 bread rations


   Skills:
 + Level 3.7 Fighting
 + Level 3.6 Long Blades
 - Level 2.4 Dodging
 - Level 3.0 Stealth


You had 2 spell levels left.
You didn't know any spells.

Dungeon Overview and Level Annotations

Branches:
Dungeon (2/15)

Altars:


Innate Abilities, Weirdness & Mutations

You cannot wear boots.
((Your serpentine skin is tough. (AC +1)))
You have supernaturally acute eyesight. (SInv)
((Armour fits poorly on your strangely shaped body.))
((Your system is resistant to poisons. (rPois)))
((You cover ground very slowly.))
You have a slow metabolism.
You can spit poison.


Message History

You block the worker ant's attack. You block the worker ant's attack.
You feel sick. The worker ant bites you!
* * * LOW HITPOINT WARNING * * *
The worker ant barely misses you.
You riposte.
You hit the worker ant.
The worker ant is lightly wounded.
You feel sick. The worker ant bites you.
* * * LOW HITPOINT WARNING * * *
You are lethally poisoned!
The worker ant poisons you!
* * * LOW HITPOINT WARNING * * *
You feel sick. The worker ant barely misses you.
* * * LOW HITPOINT WARNING * * *
You feel sick.
It was a potion of lignification.
You turn into a tree.
Your +0 robe melds into your body.
Your roots penetrate the ground.
The worker ant bites you.
You die...

###########.####.###
###########'####.# ...
##............##.# #..
##.............#.# ..#+##
##.............# #.#...
##.............# .....
##.|...........# #....
##.............##############....
##..............♣ag.gl..w...g.>..
##............################g..
.#............# #.....
.############## #..... .# #.....
## #..... # #..... # #..... #
######.....


You could see a worker ant, a leopard gecko, a hobgoblin and a goblin.

Vanquished Creatures
  A worm (D:2)
  A dart slug (D:1)
  A leopard gecko (D:2)
  4 bats
  A giant cockroach (D:1)
  2 goblins (D:1)
  4 hobgoblins
  3 jackals (D:2)
  2 frilled lizards (D:1)
  A kobold (D:2)
  5 rats
25 creatures vanquished.

Notes
Turn   | Place    | Note
-------+----------+-------------------------------------------
     0 | D:1      | Gerstahl the Naga Monk began the quest for the Orb.
     0 | D:1      | Reached XP level 1. HP: 21/21 MP: 1/1
   223 | D:1      | Reached XP level 2. HP: 25/28 MP: 2/2
   879 | D:2      | Reached XP level 3. HP: 30/34 MP: 3/3
  1150 | D:2      | Slain by a worker ant

Vault maps used:
D:1:      dpeg_arrival_shrine

Action                   || total
-------------------------++-------
Melee: Falchion          ||    72
 Abil: Spit Poison       ||     4
  Use: Potion            ||     2
 Stab: Sleeping          ||     3
Armor: Robe              ||    14
Dodge: Dodged            ||    39
Block: Other             ||    17
       Rpst.: Falchion   ||    13

Table legend:
 A = Spawn XP
 B = Non-spawn XP
 C = Spawn XP percentage of total XP
 D = Spawn monster count
 E = Non-spawn monster count
 F = Spawn count percentage of total count
 G = Total turns spent on level
                    A         B        C        D         E        F      G
               +---------+---------+-------+---------+---------+-------+---------
         Total |       0 |      45 |   0.0 |       0 |      25 |   0.0 |  1150
               +---------+---------+-------+---------+---------+-------+---------
           D:1 |       0 |      20 |   0.0 |       0 |      13 |   0.0 |   743
           D:2 |       0 |      25 |   0.0 |       0 |      12 |   0.0 |   407
               +---------+---------+-------+---------+---------+-------+---------
